 Dungeon Crawl Stone Soup version 0.30-a0-4-ga7cffc901d (webtiles) character file.

Game seed: 6243644251824987083

210 porpoise the Poker (level 5, -3/42 HPs)
             Began as a Demonspawn Gladiator on Aug 22, 2022.
             Slain by a gnoll
             ... wielding a +2 vorpal flail
             ... led by a gnoll bouda
              (5 damage)
             ... on level 4 of the Dungeon.
             The game lasted 00:07:19 (2407 turns).

porpoise the Poker (Demonspawn Gladiator)           Turns: 2407, Time: 00:07:19

Health: -3/42      AC:  8    Str: 16    XL:     5   Next: 57%
Magic:  5/5        EV: 11    Int: 10    God:
Gold:   181        SH:  0    Dex: 14    Spells: 4/4 levels left

rFire   . . .      SeeInvis .    a - +0 trident
rCold   . . .      Faith    .    (no shield)
rNeg    . . .      Spirit   .    h - +0 ring mail
rPois   .          Reflect  .    (helmet restricted)
rElec   .          Harm     .    (no cloak)
rCorr   +          Rampage  .    (no gloves)
Will    +....                    (no boots)
Stlth   +.........               t - amulet of regeneration
HPRegen 0.94/turn                j - ring of resist corrosion
MPRegen 0.09/turn                v - ring of willpower

@: no status effects
A: antennae 1, molten scales 1, powered by death 1, deterioration 1, shaggy fur
1
a: no special abilities


You were on level 4 of the Dungeon.
You visited 1 branch of the dungeon, and saw 4 of its levels.

You collected 181 gold pieces.

Inventory:

Hand Weapons
 a - a +0 trident (weapon)
 b - a +0 sling
Missiles
 d - 3 throwing nets (quivered)
 e - a javelin
 r - 4 poisoned darts
Armour
 h - a +0 ring mail (worn)
Magical Staves
 k - a staff of conjuration
Jewellery
 j - a ring of resist corrosion (left hand)
 l - an amulet of guardian spirit
 p - a ring of wizardry
 t - an amulet of regeneration (around neck)
 u - a ring of fire
 v - a ring of willpower (right hand)
Scrolls
 f - 2 scrolls of blinking {unknown}
 x - a scroll of teleportation {unknown}
 y - a scroll of enchant weapon {unknown}
 z - a scroll of summoning {unknown}
 A - a scroll of vulnerability {unknown}
Potions
 c - a potion of curing {unknown}
 g - a potion of lignification
 i - 2 potions of ambrosia {unknown}
 m - a potion of attraction {unknown}
 n - 2 potions of heal wounds {unknown}
 o - 2 potions of mutation
 q - 2 potions of magic {unknown}
 w - a potion of brilliance {unknown}


   Skills:
 + Level 3.6 Fighting
 * Level 5.0 Polearms
 - Level 1.7 Throwing
 - Level 2.6 Dodging


You had 4 spell levels left.
You didn't know any spells.
Your spell library contained the following spells:

 Spells                   Type           Power      Damage    Failure   Level
 Ensorcelled Hibernation  Hex/Ice        0%         N/A       73%         2
 Spider Form              Tmut/Pois      0%         N/A       91%         3
 Anguish                  Hex/Necr       0%         N/A       100%        4


Dungeon Overview and Level Annotations

Branches:
Dungeon (4/15)
 Temple: D:4-7

Altars:

Shops:
D:1 (


Innate Abilities, Weirdness & Mutations

You have a pair of small antennae on your head.
You are partially covered in molten scales. (AC +2)
You regenerate a little health from kills.
Your body sometimes deteriorates upon taking damage.
You are covered in fur. (AC +1)


Message History

You hit the worm.
You kill the worm!
The gnoll misses you.
The gnoll hits you from afar with a +0 spear.
You reach to attack!
You puncture the gnoll!
The gnoll is severely wounded.
The gnoll closely misses you. The gnoll hits you but does no damage.
The gnoll misses you. The gnoll hits you with a +0 spear.
You hit the gnoll.
The gnoll is moderately wounded.
The gnoll hits you with a +0 spear.
The gnoll hits you from afar with a +2 halberd of protection.
You hit the gnoll but do no damage.
The gnoll is moderately wounded.
The gnoll hits you with a +0 spear. The gnoll barely misses you.
The gnoll attacks as you move away! The gnoll barely misses you. x2
The gnoll hits you with a +2 halberd of protection!
You barely miss the gnoll.
The gnoll is severely wounded.
The gnoll hits you from afar with a +0 spear.
The gnoll hits you but does no damage.
The gnoll hits you with a +2 halberd of protection.
* * * LOW HITPOINT WARNING * * *
The gnoll hits you from afar with a +0 spear.
* * * LOW HITPOINT WARNING * * *
You hit the gnoll.
You kill the gnoll!
The gnoll closely misses you.
Your Polearms skill increases to level 5!
You barely miss the gnoll. The gnoll misses you.
The gnoll hits you from afar with a +0 spear.
* * * LOW HITPOINT WARNING * * *
The gnoll hits you with a +2 vorpal flail.
* * * LOW HITPOINT WARNING * * *
x2 It was a potion of mutation.
You feel extremely strange.
You feel yourself wasting away. Fur sprouts all over your body.
The gnoll closely misses you.
The gnoll hits you with a +2 vorpal flail.
You die...

#...........# #...
#...........# #...
#.w.........# #...
#...........# ##...
#...........######.##.
#...........##......#.
##'#####....##.....##.
###....###....##......#.
#.....)@.g..)†.#.....#.#
#......g......##......#.
#.......(.....##.....#..
#..$.####.....##....#.#.
###### ##.....##...#.#..
#............#..##.
#......)....#...# .
#...............#
#........#######+##


You could see 2 gnolls.

Vanquished Creatures
  A hound (D:4)
  A gnoll bouda (D:4)
  Jessica (D:2)
  A gnoll (D:4)
  4 adders
  3 worms
  2 dart slugs
  An orc (D:4)
  6 ball pythons
  9 endoplasms
  2 giant cockroaches
  5 goblins
  11 hobgoblins
  4 jackals (D:4)
  4 quokkas
  2 frilled lizards (D:1)
  6 kobolds
  3 rats
66 creatures vanquished.

Notes
Turn   | Place    | Note
-------+----------+-------------------------------------------
     0 | D:1      | porpoise the Demonspawn Gladiator began the quest for the
                  | Orb.
     0 | D:1      | Reached XP level 1. HP: 16/16 MP: 1/1
    83 | D:1      | Found a faded altar of an unknown god.
   165 | D:1      | Reached skill level 3 in Polearms
   367 | D:1      | Gained mutation: You regenerate a little health from kills.
                  | [demonic ancestry]
   367 | D:1      | Reached XP level 2. HP: 21/22 MP: 2/2
   387 | D:1      | Found Zurice's Weapon Shop.
   672 | D:1      | Reached XP level 3. HP: 28/28 MP: 3/3
  1041 | D:2      | Noticed Jessica
  1050 | D:2      | Killed Jessica
  1054 | D:2      | Reached skill level 4 in Polearms
  1054 | D:2      | Gained mutation: You have a pair of small antennae on your
                  | head. [demonic ancestry]
  1054 | D:2      | Reached XP level 4. HP: 20/34 MP: 4/4
  1696 | D:3      | Noticed a steam dragon
  1696 | D:3      | Noticed a phantom
  2155 | D:4      | Gained mutation: You are partially covered in molten
                  | scales. (AC +2) [demonic ancestry]
  2155 | D:4      | Reached XP level 5. HP: 36/41 MP: 5/5
  2406 | D:4      | Reached skill level 5 in Polearms
  2406 | D:4      | HP: 2/42 [gnoll/+2 vorpal flail[a gnoll bouda] (3)]
  2407 | D:4      | Gained mutation: Your body sometimes deteriorates upon
                  | taking damage. [potion of mutation]
  2407 | D:4      | Gained mutation: You are covered in fur. (AC +1) [potion of
                  | mutation]
  2407 | D:4      | Slain by a gnoll

Illustrated notes

Levels and vault maps discovered:
D:1:      giann_forest_graveyard, layout_basic,
          hellmonk_ecumenical_altar_arch_garden, serial_shops,
          nicolae_diamond_shop
D:2:      layout_rooms, uniq_jessica
D:3:      layout_basic, skrybe_limestone_x, lightli_corner_chamber
D:4:      cheibrodos_pilgrimage, layout_gridville,
          hangedman_abyss_or_decor_slice

Skill      XL: |  1  2  3  4  5 |
---------------+----------------+-----
Polearms       | 3 4 5 |  5.0
Fighting       | 3 |  3.6
Throwing       | |  1.7
Dodging        | |  2.6

Action                   |  1- 3 |  4- 6 || total
-------------------------+-------+-------++-------
Melee: Trident           |   114 |    90 ||   204
       Punch             |     1 |       ||     1
 Fire: Sling             |       |    18 ||    18
  Use: Potion            |     1 |     1 ||     2
       Scroll            |       |     2 ||     2
Armor: Leather armour    |    12 |       ||    12
       Ring mail         |    13 |    25 ||    38
       Skin              |    10 |     5 ||    15
Dodge: Dodged            |    44 |    42 ||    86

Table legend: (Time is in decaauts)
 A = Elapsed time spent in this place.
 B = Non-inter-level travel time spent in this place.
 C = Inter-level travel time spent in this place.
 D = Time resting spent in this place.
 E = Time spent auto-exploring this place.
 F = Levels seen in this place.
 G = Mean time per level.
                   A        B        C        D        E       F      G
               +--------+--------+--------+--------+--------+-----+--------+
         Total |   2431 |   2367 |     64 |    450 |   1372 |   4 |  607.8 |
       Dungeon |   2431 |   2367 |     64 |    450 |   1372 |   4 |  607.8 |
               +--------+--------+--------+--------+--------+-----+--------+

Top non-repeatable levels by time:
     D:1: 737 daAuts
     D:2: 624 daAuts
     D:3: 558 daAuts
     D:4: 510 daAuts
